 Dungeon Crawl Stone Soup version 0.31.0-1-g2c135a008e (webtiles) character file.

Game seed: 17069223415190492745

39 qw the Shooter (level 3, -1/28 HPs)
             Began as a Djinni Hunter on Jan 24, 2024.
             Slain by Terence
             ... wielding a +0 mace
              (7 damage)
             ... on level 2 of the Dungeon.
             The game lasted 00:00:03 (775 turns).

qw the Shooter (Djinni Hunter)                       Turns: 775, Time: 00:00:03

Health: -1/28      AC:  5    Str: 10    XL:     3   Next: 67%
Gold:   95         EV: 11    Int: 10    God:
                   SH:  0    Dex: 18

rFire   + + .        a - +0 shortbow
rCold   x . .        (shield currently unavailable)
rNeg    . . .        e - +0 ring mail
rPois   inf          (no helmet)
rElec   .            (no cloak)
rCorr   .            (no gloves)
SInv    .            (boots unavailable)
Will    .....        (no amulet)
Stlth   +            (no ring)
HPRegen 0.24/turn    (no ring)
MPRegen 0.00/turn

%: infuse magic (-2 HP)
@: flying
A: sickness immunity, fire resistance 2, cold vulnerability 1, float, innate
caster, HP casting, extra vitality 1
a: no special abilities


You were on level 2 of the Dungeon.
You visited 1 branch of the dungeon, and saw 2 of its levels.

You collected 95 gold pieces.


Innate Abilities, Weirdness & Mutations

You are immune to sickness and miasma.
You are immune to poison.
Your flesh is very heat resistant. (rF++)
You are vulnerable to cold. (rC-)
You float through the air rather than walking.
You learn spells naturally, not from books.
Your magical power is your life essence.
You have superior vitality. (+4 MHP)


   Skills:
 + Level 2.0 Fighting
 - Level 4.0 Ranged Weapons
 - Level 1.4 Armour
 - Level 2.1 Dodging
 - Level 0.7 Stealth


You knew the following spells:

 Your Spells              Type           Power      Damage    Failure   Level
a - Apportation           Tloc           0%         N/A       67%         1
Your spell library was empty.

Inventory:

Hand Weapons
 a - a +0 shortbow (weapon)
Armour
 b - a +0 pair of gloves
 e - a +0 ring mail (worn)
Scrolls
 c - a scroll of identify
Potions
 d - a potion of enlightenment
 f - a potion of might {unknown}
 g - a potion of ambrosia {unknown}

Dungeon Overview and Level Annotations

Branches:
Dungeon (2/15)

Altars:

Annotations:
D:2 Terence


Message History

You shoot an arrow. The arrow closely misses the adder.
The adder bites you. The adder barely misses you.
You shoot an arrow. The arrow hits the adder.
The adder is severely wounded.
The adder bites you.
You shoot an arrow. The arrow hits the adder!
You kill the adder!
Your Armour skill increases to level 1!
You start resting.
HP restored.
Things that are here:
a +0 dagger; a goblin corpse You now have 84 gold pieces (gained 16).
Found a stone staircase leading up.
Enter note:
Found a ring mail.
Found a whip.
You now have 95 gold pieces (gained 11).
Found a plate armour.
A ball python comes into view.
You shoot an arrow. The arrow hits the ball python!
You kill the ball python!
You hear a shout!
Terence the Incautious comes into view.
He is wielding a +0 mace.
You shoot an arrow. The arrow closely misses Terence.
You shoot an arrow. The arrow hits Terence.
Terence is lightly wounded.
Terence hits you with a +0 mace.
You shoot an arrow. The arrow hits Terence.
Terence is moderately wounded.
Terence hits you with a +0 mace. Terence hits you with a +0 mace!
You shoot an arrow.
The arrow hits Terence but does no damage.
Terence is moderately wounded.
Terence hits you with a +0 mace!
You shoot an arrow. The arrow hits Terence.
Terence is severely wounded.
Terence hits you with a +0 mace!
You die...
Terence says, "Time to find some more victims."

##....####.............
####... .....#####....
... ##...## ##... ....
...## #..# ..... ...?#
#..# ##...#####....
#..# ....[.. ....##
###..# ......@##.#..#
#....# #.$..@..##.#
###.#..#
###........####...#..#
#.................#.#
#...#.......####.####.#
......######....#.# #.#
...... ####...## ##
...!.. #####..#####
..#### #).........#
#...##.<..[#


You could see Terence.

Vanquished Creatures
  An adder (D:2)
  6 ball pythons
  A bat (D:1)
  3 endoplasms
  2 giant cockroaches
  5 goblins
  A hobgoblin (D:1)
  3 kobolds (D:1)
  A quokka (D:1)
  2 frilled lizards
  3 rats
28 creatures vanquished.

Notes
Turn   | Place    | Note
-------+----------+-------------------------------------------
     0 | D:1      | qw the Djinni Hunter began the quest for the Orb.
     0 | D:1      | Reached XP level 1. HP: 18/18 MP: 0/0
     0 | D:1      | 0 ||| qw: Version: 0.3-a-136-gdd3b4e8
     0 | D:1      | 0 ||| qw: Game counter: 1251
     0 | D:1      | 0 ||| qw: Melee chars always use a shield: true
     0 | D:1      | 0 ||| qw: God list: Okawaru
     0 | D:1      | 0 ||| qw: Allow faded altars: false
     0 | D:1      | 0 ||| qw: Do Orc after clearing Dungeon:15 true
     0 | D:1      | 0 ||| qw: Do second Lair branch before Depths: true
     0 | D:1      | 0 ||| qw: Lair rune preference: random
     0 | D:1      | 0 ||| qw: Goals: Normal
     0 | D:1      | 0 ||| PLANNING D:1-11
   121 | D:1      | Reached XP level 2. HP: 22/23 MP: 0/0
   251 | D:1      | 251 ||| UPGRADING to +0 ring mail.
   264 | D:1      | 264 ||| DROPPING +0 leather armour.
   463 | D:1      | 463 ||| READING scroll labelled VYS GOEDAUPORPH.
   463 | D:1      | 463 ||| IDENTIFYING fuming coppery potion
   464 | D:1      | 464 ||| READING scroll labelled NOPOCW PECEYP.
   465 | D:1      | 465 ||| DROPPING scroll of butterflies.
   605 | D:2      | Reached XP level 3. HP: 28/28 MP: 0/0
   605 | D:2      | Learned a level 1 spell: Apportation
   613 | D:2      | Reached skill level 4 in Ranged Weapons
   677 | D:2      | Reached skill level 1 in Armour
   770 | D:2      | Noticed Terence
   774 | D:2      | HP: 5/28 [Terence/+0 mace (7)]
   775 | D:2      | Slain by Terence

Levels and vault maps discovered:
D:1:      scummos_arrival_gate, layout_basic, chequers_big_river
D:2:      cheibrodos_fertilizer, layout_rooms, uniq_sigmund, uniq_terence

Skill      XL: |  1  2  3 |
---------------+----------+-----
Ranged Weapons | 4 |  4.0
Armour         | 1 |  1.4
Fighting       | |  2.0
Dodging        | |  2.1
Stealth        | |  0.7

Action                     || total
---------------------------++-------
   Fire: Shortbow          ||    67
    Use: Scroll            ||     2
 Armour: Leather armour    ||     4
         Ring mail         ||    12
  Dodge: Dodged            ||    12

Table legend:
 A = Non-vault XP
 B = Vault XP
 C = Vault XP percentage of total XP
 D = Non-vault monster count
 E = Vault monster count
 F = Vault count percentage of total count
                 A         B        C        D         E       F
            +---------+---------+-------+---------+---------+-------
      Total |      56 |       0 |   0.0 |      28 |       0 |   0.0
            +---------+---------+-------+---------+---------+-------
        D:1 |      26 |       0 |   0.0 |      16 |       0 |   0.0
        D:2 |      30 |       0 |   0.0 |      12 |       0 |   0.0
            +---------+---------+-------+---------+---------+-------
